 Dungeon Crawl Stone Soup version 0.31-a0-1278-g11c5b68f87 (webtiles) character file.

Game seed: 13457349522853017717

63 gelatine the Trooper (level 3, -3/29 HPs)
             Began as a Demonspawn Fighter on Dec 17, 2023.
             Killed by divine providence
             ... invoked by an orc priest
              (11 damage)
             ... on level 3 of the Dungeon.
             The game lasted 00:03:49 (1812 turns).

gelatine the Trooper (Demonspawn Fighter)           Turns: 1812, Time: 00:03:51

Health: -3/29      AC:  7    Str: 16    XL:     3   Next: 89%
Magic:  3/3        EV:  9    Int: 10    God:
Gold:   119        SH:  0    Dex: 12    Spells: 3/3 levels left

rFire   . . .        a - +0 war axe
rCold   . . .        c - +0 buckler
rNeg    . . .        b - +0 scale mail
rPois   .            (no helmet)
rElec   .            (no cloak)
rCorr   .            j - +0 pair of gloves
SInv    .            (no boots)
Will    .....        q - amulet of reflection Stlth
                     (no ring)
HPRegen 0.24/turn    (no ring)
MPRegen 0.08/turn

%: reflection
@: confused
A: demonic magic 1
a: no special abilities


You were on level 3 of the Dungeon.
You visited 1 branch of the dungeon, and saw 3 of its levels.

You collected 119 gold pieces.

Inventory:

Hand Weapons
 a - a +0 war axe (weapon)
Armour
 b - a +0 scale mail (worn)
 c - a +0 buckler (worn)
 j - a +0 pair of gloves (worn)
Jewellery
 q - an amulet of reflection (around neck)
Wands
 k - a wand of flame (8)
Scrolls
 g - a scroll of vulnerability {unknown}
 h - 2 scrolls of identify {unknown}
 i - a scroll of poison {unknown}
 o - 2 scrolls of fog {unknown}
 p - a scroll of fear {unknown}
Potions
 d - a potion of might
 e - a potion of magic {unknown}
 f - 2 potions of curing {unknown}
 l - a potion of enlightenment {unknown}
 m - a potion of resistance {unknown}
 n - a potion of brilliance {unknown}


   Skills:
 * Level 3.5 Fighting
 * Level 2.6 Axes
 * Level 2.9 Armour
 * Level 0.2 Dodging
 * Level 3.0 Shields
 * Level 0.6 Spellcasting
 * Level 0.1 Evocations


You had 3 spell levels left.
You didn't know any spells.
Your spell library contained the following spells:

 Spells                   Type           Power      Damage    Failure   Level
 Slow                     Hex            0%         N/A       86%         1
 Confusing Touch          Hex            0%         N/A       99%         3
 Sigil of Binding         Hex            0%         N/A       99%         3
 Vampiric Draining        Necr           0%         2d6       99%         3


Dungeon Overview and Level Annotations

Branches:
Dungeon (3/15)

Altars:


Innate Abilities, Weirdness & Mutations

Spells you cast may paralyse adjacent enemies.


Message History

You hit the adder.
You kill the adder!
HP restored.
o - 2 scrolls labelled JIMUVUR ICWEEM (gained 1)
An orc and an orc priest come into view.
An orc, an orc wizard and a frilled lizard come into view.
The orc shouts!
The frilled lizard hisses angrily.
An orc priest comes into view. It is wielding a +0 club.
The orc priest shouts!
The orc wizard gestures at you while chanting.
You are confused.
A giant cockroach comes into view.
The orc priest hits you with a +0 short sword.
A hobgoblin comes into view.
The orc hits you with a +0 short sword.
You hit the orc priest.
The orc priest is heavily wounded.
You closely miss the orc.
The orc priest hits you with a +0 short sword.
The orc wizard gestures at you while chanting.
The puff of flame hits you. The orc barely misses you.
Unknown command.
You hit the orc priest but do no damage.
The orc priest is heavily wounded.
You miss the frilled lizard. You closely miss the orc. You miss the orc.
The orc priest hits you with a +0 short sword.
The frilled lizard closely misses you. The orc closely misses you.
The orc hits you but does no damage.
The orc wizard hits you but does no damage.
The orc barely misses you.
The frilled lizard bites you but does no damage.
The orc hits you with a +0 short sword.
* * * LOW HITPOINT WARNING * * *
You slash the orc priest!
The orc priest is heavily wounded.
You miss the orc. You closely miss the orc priest. You miss the frilled lizard.
You barely miss the orc wizard. You barely miss the orc.
The orc priest mumbles some strange prayers to Beogh against you.
Beogh smites you!
You die...

.......... ###.#..#.##..
#[.#.#.## .......#....
###..#.#... ...........#
#......###.
....g.......##.........#
....B...#.#.............
........#.###...........
......oo..##.........<.#
......o@...........>....
......olo...............
.♣♣♣...............###.#
......##+##.....#..##.#
♣.♣... #..##.......#
♣..... #..##.#...###
...... #.....#.....
...... #........###.
#.##......


You could see 2 orc priests, an orc wizard, 2 orcs, a giant cockroach, a
hobgoblin and a frilled lizard.

Vanquished Creatures
  An adder (D:3)
  A worm (D:2)
  A dart slug (D:1)
  6 bats
  5 endoplasms
  2 giant cockroaches (D:1)
  5 goblins
  6 hobgoblins
  4 jackals (D:1)
  A quokka (D:1)
  4 ball pythons
  3 frilled lizards
  2 kobolds
  3 rats
44 creatures vanquished.

Notes
Turn   | Place    | Note
-------+----------+-------------------------------------------
     0 | D:1      | gelatine the Demonspawn Fighter began the quest for the
                  | Orb.
     0 | D:1      | Reached XP level 1. HP: 18/18 MP: 1/1
   108 | D:1      | Gained mutation: Spells you cast may paralyse adjacent
                  | enemies. [demonic ancestry]
   108 | D:1      | Reached XP level 2. HP: 12/24 MP: 2/2
   427 | D:1      | Reached XP level 3. HP: 26/29 MP: 3/3
   772 | D:2      | Found a faded altar of an unknown god.
   972 | D:2      | You fall into a shaft and drop 1 floor!
  1812 | D:3      | Killed from afar by an orc priest

Illustrated notes

Levels and vault maps discovered:
D:1:      shiori_arrival_elements, layout_basic, corexii_corridor_pit
D:2:      layout_basic, hellmonk_ecumenical_altar_arch_garden
D:3:      layout_rooms, chequers_garden, dk_noncrumbling_2, skrybe_limestone_x

Skill      XL: |  1  2  3 |
---------------+----------+-----
Axes           | 2 |  2.6
Shields        | 3 |  3.0
Fighting       | |  3.5
Armour         | |  2.9
Dodging        | |  0.2
Spellcasting   | |  0.6
Evocations     | |  0.1

Action                     || total
---------------------------++-------
  Melee: War axe           ||   116
 Armour: Scale mail        ||   105
  Dodge: Dodged            ||    61
  Block: Buckler           ||    25

Table legend: (Time is in decaauts)
 A = Elapsed time spent in this place.
 B = Non-inter-level travel time spent in this place.
 C = Inter-level travel time spent in this place.
 D = Time resting spent in this place.
 E = Time spent auto-exploring this place.
 F = Levels seen in this place.
 G = Mean time per level.
                   A        B        C        D        E       F      G
               +--------+--------+--------+--------+--------+-----+--------+
         Total |   1861 |   1804 |     57 |      0 |   1439 |   3 |  620.3 |
       Dungeon |   1861 |   1804 |     57 |      0 |   1439 |   3 |  620.3 |
               +--------+--------+--------+--------+--------+-----+--------+

Top non-repeatable levels by time:
     D:2: 954 daAuts
     D:1: 795 daAuts
     D:3: 111 daAuts
